 Dungeon Crawl Stone Soup version 0.32-a0-391-gce5c0aab1b (webtiles) character file.

Game seed: 1974851694599707443

25 Sobieck the Shooter (level 3, 0/27 HPs)
             Began as a Coglin Hunter on Feb 19, 2024.
             Frozen to death by an endoplasm (3 damage)
             ... on level 1 of the Dungeon.
             The game lasted 00:00:29 (117 turns).

Sobieck the Shooter (Coglin Hunter)                  Turns: 117, Time: 00:00:30

Health: 0/27       AC:  3    Str: 11    XL:     3   Next: 4%
Magic:  3/3        EV: 12    Int:  8    God:
Gold:   6          SH:  0    Dex: 19    Spells: 2/2 levels left

rFire   . . .        a - +0 shortbow {Tae}
rCold   . . .        (shield currently unavailable)
rNeg    . . .        c - +0 leather armour
rPois   .            (no helmet)
rElec   .            (no cloak)
rCorr   .            (no gloves)
SInv    .            (no boots)
Will    .....        (no amulet)
Stlth   ++           (no ring)
HPRegen 0.24/turn    (no ring)
MPRegen 0.08/turn

%: no passive effects
@: revved, stiff-legged, very slow
A: off-hand wielding, slow wielding, warmup strikes, warmup strides
a: no special abilities


You were on level 1 of the Dungeon.
You visited 1 branch of the dungeon, and saw 1 of its levels.

You collected 6 gold pieces.

Inventory:

Hand Weapons
 a - a +0 shortbow (weapon) {Tae}
Armour
 c - a +0 leather armour (worn)
Scrolls
 b - a scroll of butterflies
Potions
 d - 2 potions of enlightenment {unknown}
 e - a potion of lignification {unknown}
 f - a potion of might {unknown}


   Skills:
 - Level 2.0 Fighting
 + Level 4.4 Ranged Weapons
 - Level 1.7 Dodging
 - Level 0.7 Stealth


You had 2 spell levels left.
You didn't know any spells.
Your spell library was empty.

Dungeon Overview and Level Annotations

Branches:
Dungeon (1/15)

Altars:


Innate Abilities, Weirdness & Mutations

You can wield a second weapon in your off-hand.
It takes a long time for you to wield or remove held weapons.
Your first few attacks do less damage.
Your first movements take longer.


Message History

You kill the giant cockroach!
The rat bites you but does no damage. The rat barely misses you.
The hobgoblin hits you but does no damage.
The rat bites you but does no damage. The rat closely misses you.
You shoot an arrow.
The arrow hits the hobgoblin but does no damage.
The hobgoblin is almost dead.
The rat bites you.
* * * LOW HITPOINT WARNING * * *
The hobgoblin hits you.
* * * LOW HITPOINT WARNING * * *
The rat barely misses you.
Unknown command.
You shoot an arrow. The arrow hits the hobgoblin!
You kill the hobgoblin!
The rat bites you.
* * * LOW HITPOINT WARNING * * *
The rat bites you.
* * * LOW HITPOINT WARNING * * *
Unknown command.
The rat barely misses you.
Unknown command.
Unknown command.
You shoot an arrow. The arrow closely misses the rat.
The arrow hits the rat.
You kill the rat!
The rat bites you but does no damage.
You shoot an arrow. The arrow barely misses the rat.
The arrow hits the bat.
You kill the bat!
The rat closely misses you. The rat barely misses you.
You have reached level 3!
Your experience leads to an increase in your attributes!
Increase (S)trength, (I)ntelligence, or (D)exterity?
You feel agile. x2
You shoot an arrow.
The arrow hits the rat but does no damage.
The rat barely misses you.
You shoot an arrow. The arrow barely misses the rat.
The arrow hits the endoplasm but does no damage.
The rat closely misses you.
You shoot an arrow.
The arrow hits the rat but does no damage.
The rat bites you.
* * * LOW HITPOINT WARNING * * *
You shoot an arrow. The arrow hits the rat.
You kill the rat!
You shoot an arrow. The arrow hits the endoplasm.
The endoplasm is severely wounded.
The endoplasm freezes you.
You are frozen.
You die...

########## . .........#
.. ########.# ... #
........###
#...#.##############....
#....#.....# #.......
##.....†....# #.##....
..... #J#########.##....
#.....#@##.........#....
......(...........[....>
#...............#.###...
##.....###....#.#.......
...........#.##.####†...
#........#.#†#######....
#.#'###..#.#...%...†.###
#... ....#.≈≈≈≈≈≈≈≈.≈≈≈≈
.# #.####.≈####≈≈≈.≈≈≈#


You could see an endoplasm.

Vanquished Creatures
  4 bats (D:1)
  A giant cockroach (D:1)
  2 hobgoblins (D:1)
  2 quokkas (D:1)
  5 rats (D:1)
14 creatures vanquished.

Notes
Turn   | Place    | Note
-------+----------+-------------------------------------------
     0 | D:1      | Sobieck the Coglin Hunter began the quest for the Orb.
     0 | D:1      | Reached XP level 1. HP: 16/16 MP: 1/1
    44 | D:1      | Reached skill level 4 in Ranged Weapons
    44 | D:1      | Reached XP level 2. HP: 22/22 MP: 2/2
   109 | D:1      | HP: 1/22 [rat (3)]
   113 | D:1      | Reached XP level 3. HP: 3/27 MP: 3/3
   117 | D:1      | Frozen to death by an endoplasm

Illustrated notes

Levels and vault maps discovered:
D:1:      heliophobic_arrival_glass_houses, layout_basic,
          ebering_ecumenical_altar_mist

Skill      XL: |  1 |
---------------+----+-----
Ranged Weapons | 4 |  4.4
Fighting       | |  2.0
Dodging        | |  1.7
Stealth        | |  0.7

Action                     || total
---------------------------++-------
   Fire: Shortbow          ||    44
 Armour: Leather armour    ||    28
  Dodge: Dodged            ||    37

Table legend: (Time is in decaauts)
 A = Elapsed time spent in this place.
 B = Non-inter-level travel time spent in this place.
 C = Inter-level travel time spent in this place.
 D = Time resting spent in this place.
 E = Time spent auto-exploring this place.
 F = Levels seen in this place.
 G = Mean time per level.
                   A        B        C        D        E       F      G
               +--------+--------+--------+--------+--------+-----+--------+
         Total |    143 |    143 |      0 |      0 |     72 |   1 |  143.0 |
       Dungeon |    143 |    143 |      0 |      0 |     72 |   1 |  143.0 |
               +--------+--------+--------+--------+--------+-----+--------+

Top non-repeatable levels by time:
     D:1: 143 daAuts
